MLB
COLORADO ROCKIES @ NEW YORK METS
05/05/2018
 
TOP OF THE 1ST
Colorado Rockies batting - Pitching for New York Mets : RHP Jack Flaherty
Pitching: RHP Jack Flaherty
Batting: RHB Brett Lawrie 0-0: Ball
1-0: Ball
2-0: Ball
3-0: Called Strike
3-1: Foul Ball, location: 2F
3-2: Strikes out looking
Batting: LHB Nick Markakis 0-0: Ball
1-0: Foul Ball, location: 2F
1-1: Ground out 6-3 (Groundball, 6)
Batting: RHB Mike Trout 0-0: Ball
1-0: Ball
2-0: Called Strike
2-1: Swinging Strike
2-2: Strikes out swinging
Top of the 1st over - 0 runs, 0 hits, 0 errors, 0 left on base; Colorado 0 - New York 0
BOTTOM OF THE 1ST
New York Mets batting - Pitching for Colorado Rockies : LHP CC Sabathia
Pitching: LHP CC Sabathia
Batting: SHB Ian Happ 0-0: Foul Ball, location: 2F
0-1: Fly out, F9 (Flyball, 89M)
Batting: RHB Starlin Castro 0-0: Ball
1-0: Called Strike
1-1: Ball
2-1: Ball
3-1: Swinging Strike
3-2: Foul Ball, location: 2F
3-2: Foul Ball, location: 2F
3-2: Fly out, F7 (Flyball, 7S)
Batting: LHB Travis Shaw 0-0: SINGLE (Groundball, 4MD)
Pitching: RHP Anibal Sanchez
Batting: LHB Eddie Rosario 0-0: Called Strike
0-1: Ball
Travis Shaw steals 2nd base
1-1: Ball
2-1: Fly out, F9 (Flyball, 9LM)
Bottom of the 1st over - 0 runs, 1 hit, 0 errors, 1 left on base; Colorado 0 - New York 0
TOP OF THE 2ND
Colorado Rockies batting - Pitching for New York Mets : RHP Jack Flaherty
Batting: LHB Tommy La Stella 0-0: Called Strike
0-1: Ball
1-1: Called Strike
1-2: Foul Ball, location: 2F
1-2: Ball
2-2: Fly out, F9 (Flyball, 9S)
Batting: RHB Jordy Mercer 0-0: Ground out 4-3 (Groundball, 34)
Batting: LHB Jake Bauers 0-0: Foul Ball, location: 2F
0-1: Ball
1-1: Fly out, F8 (Flyball, 8RM)
Top of the 2nd over - 0 runs, 0 hits, 0 errors, 0 left on base; Colorado 0 - New York 0
BOTTOM OF THE 2ND
New York Mets batting - Pitching for Colorado Rockies : RHP Anibal Sanchez
Batting: LHB Gerardo Parra 0-0: Ball
1-0: Ball
2-0: Ball
3-0: Base on Balls
Batting: LHB Mitch Moreland 0-0: Fly out, F3 (Line Drive, 3)
Batting: RHB Salvador Perez 0-0: DOUBLE (Line Drive, 5D)
Gerardo Parra to third
Batting: RHB Erik Gonzalez 0-0: Called Strike
0-1: Called Strike
0-2: Strikes out swinging
Batting: RHB Jack Flaherty 0-0: Foul Ball, location: 2F
0-1: Fly out, F3 (Popup, 3SF)
Bottom of the 2nd over - 0 runs, 1 hit, 0 errors, 2 left on base; Colorado 0 - New York 0
TOP OF THE 3RD
Colorado Rockies batting - Pitching for New York Mets : RHP Jack Flaherty
Batting: RHB Bryce Brentz 0-0: Ball
1-0: Ground out 3-1 (Groundball, 34S)
Batting: RHB Jacob Stallings 0-0: Ball
1-0: Fly out, F3 (Popup, 3SF)
Batting: RHB Anibal Sanchez 0-0: Called Strike
0-1: Ball
1-1: Swinging Strike
1-2: Strikes out swinging
Top of the 3rd over - 0 runs, 0 hits, 0 errors, 0 left on base; Colorado 0 - New York 0
BOTTOM OF THE 3RD
New York Mets batting - Pitching for Colorado Rockies : RHP Anibal Sanchez
Batting: SHB Ian Happ 0-0: Called Strike
0-1: Called Strike
0-2: Ball
1-2: Ball
2-2: Ball
3-2: Foul Ball, location: 2F
3-2: Foul Ball, location: 2F
3-2: Strikes out swinging
Batting: RHB Starlin Castro 0-0: Fly out, F8 (Flyball, 89M)
Batting: LHB Travis Shaw 0-0: Ball
1-0: Ground out 4-3 (Groundball, 4)
Bottom of the 3rd over - 0 runs, 0 hits, 0 errors, 0 left on base; Colorado 0 - New York 0
TOP OF THE 4TH
Colorado Rockies batting - Pitching for New York Mets : RHP Jack Flaherty
Batting: RHB Brett Lawrie 0-0: Called Strike
0-1: Ball
1-1: Foul Ball, location: 2F
1-2: Fly out, F4 (Popup, 34S)
Batting: LHB Nick Markakis 0-0: Swinging Strike
0-1: Ball
1-1: Called Strike
1-2: Ball
2-2: Ball
3-2: Base on Balls
Batting: RHB Mike Trout 0-0: Ball
1-0: Called Strike
1-1: Ball
2-1: Foul Ball, location: 2F
2-2: DOUBLE (Line Drive, 9LM)
Nick Markakis to third
Runner from 3rd tries for Home, SAFE, throw made home
Batting: LHB Tommy La Stella 0-0: Foul Ball, location: 2F
0-1: Ball
Wild Pitch!
Mike Trout to third
1-1: Ball
2-1: SINGLE (Line Drive, 6MD)
Mike Trout scores
Batting: RHB Jordy Mercer 0-0: Ball
1-0: Ball
2-0: Called Strike
2-1: Grounds into double play, 5-4-3 (Groundball, 56)
Top of the 4th over - 2 runs, 2 hits, 0 errors, 0 left on base; Colorado 2 - New York 0
BOTTOM OF THE 4TH
New York Mets batting - Pitching for Colorado Rockies : RHP Anibal Sanchez
Batting: LHB Eddie Rosario 0-0: Ground out 6-3 (Groundball, 6M)
Batting: LHB Gerardo Parra 0-0: Ball
1-0: Fly out, F8 (Line Drive, 8LM)
Batting: LHB Mitch Moreland 0-0: Ball
1-0: Called Strike
1-1: Ball
2-1: SINGLE (Flyball, 78M)
Batting: RHB Salvador Perez 0-0: Fly out, F8 (Flyball, 78M)
Bottom of the 4th over - 0 runs, 1 hit, 0 errors, 1 left on base; Colorado 2 - New York 0
TOP OF THE 5TH
Colorado Rockies batting - Pitching for New York Mets : RHP Jack Flaherty
Batting: LHB Jake Bauers 0-0: Ball
1-0: Ball
2-0: Ball
3-0: Base on Balls
Batting: RHB Bryce Brentz 0-0: Fly out, F4 (Popup, 3)
Batting: RHB Jacob Stallings 0-0: Ball
1-0: Swinging Strike
1-1: Fly out, F1 (Line Drive, P)
Pinch Hitting: RHB Brandon Guyer 0-0: Foul Ball, location: 2F
0-1: Called Strike
0-2: Ball
1-2: Ball
2-2: Ball
3-2: Strikes out swinging
Top of the 5th over - 0 runs, 0 hits, 0 errors, 1 left on base; Colorado 2 - New York 0
BOTTOM OF THE 5TH
New York Mets batting - Pitching for Colorado Rockies : RHP Anibal Sanchez
Pitching: RHP Anthony Bass
Batting: RHB Erik Gonzalez 0-0: Called Strike
0-1: Called Strike
0-2: Ball
1-2: Strikes out swinging
Pinch Hitting: LHB Scott Schebler 0-0: Ball
1-0: SINGLE (Groundball, 3D)
Batting: SHB Ian Happ 0-0: Ball
1-0: Swinging Strike
1-1: Swinging Strike
1-2: SINGLE (Groundball, 6MS) (infield hit)
Scott Schebler to second
Batting: RHB Starlin Castro 0-0: Called Strike
0-1: Ball
1-1: Foul Ball, location: 2F
1-2: SINGLE (Groundball, 4MD)
Scott Schebler to third
Ian Happ to second
Runner from 3rd tries for Home, SAFE, throw made home
Batting: LHB Travis Shaw 0-0: Ball
Ian Happ is caught stealing 3rd base
Starlin Castro to second
1-0: Swinging Strike
1-1: Swinging Strike
1-2: Ball
2-2: Foul Ball, location: 2F
2-2: Fly out, F8 (Line Drive, 8RD)
Bottom of the 5th over - 1 run, 3 hits, 0 errors, 1 left on base; Colorado 2 - New York 1
TOP OF THE 6TH
Colorado Rockies batting - Pitching for New York Mets : RHP Jack Flaherty
Pitching: LHP Adam Liberatore
Batting: RHB Brett Lawrie 0-0: Called Strike
0-1: Called Strike
0-2: Ball
1-2: Ball
2-2: Strikes out looking
Batting: LHB Nick Markakis 0-0: Called Strike
0-1: Ball
1-1: Called Strike
1-2: Ball
2-2: Strikes out swinging
Batting: RHB Mike Trout 0-0: Foul Ball, location: 2F
0-1: Ball
1-1: Ball
2-1: Ball
3-1: Base on Balls
Pitching: LHP Mike Montgomery
Batting: LHB Tommy La Stella 0-0: Ball
1-0: Fielders Choice at 2nd, U4 (Groundball, 4M)
Top of the 6th over - 0 runs, 0 hits, 0 errors, 1 left on base; Colorado 2 - New York 1
BOTTOM OF THE 6TH
New York Mets batting - Pitching for Colorado Rockies : RHP Anthony Bass
Batting: LHB Eddie Rosario 0-0: Foul Ball, location: 2F
0-1: Called Strike
0-2: Foul Ball, location: 2F
0-2: Strikes out swinging
Batting: LHB Gerardo Parra 0-0: Ball
1-0: Ball
2-0: Swinging Strike
2-1: Fly out, F8 (Flyball, 78M)
Batting: LHB Mitch Moreland 0-0: Fly out, F9 (Flyball, 9)
Bottom of the 6th over - 0 runs, 0 hits, 0 errors, 0 left on base; Colorado 2 - New York 1
TOP OF THE 7TH
Colorado Rockies batting - Pitching for New York Mets : LHP Mike Montgomery
Batting: RHB Jordy Mercer 0-0: Ball
1-0: Ball
2-0: Foul Ball, location: 2F
2-1: Foul Ball, location: 2F
2-2: Foul Ball, location: 2F
2-2: Ball
3-2: Ground out 4-3 (Groundball, 34)
Batting: LHB Jake Bauers 0-0: Fly out, F9 (Flyball, 9)
Batting: RHB Bryce Brentz 0-0: Called Strike
0-1: Foul Ball, location: 2F
0-2: Fly out, F7 (Flyball, 7)
Top of the 7th over - 0 runs, 0 hits, 0 errors, 0 left on base; Colorado 2 - New York 1
BOTTOM OF THE 7TH
New York Mets batting - Pitching for Colorado Rockies : RHP Anthony Bass
Pitching: RHP Kazuhisa Makita
Batting: RHB Salvador Perez 0-0: Swinging Strike
0-1: Foul Ball, location: 2F
0-2: SINGLE (Line Drive, 5D)
Pinch Hitting: SHB Jonathan Villar 0-0: Foul Ball, location: 2F
0-1: Ball
1-1: Ball
2-1: Fielders Choice at 2nd, 4-6 (Groundball, 34)
Pinch Hitting: RHB Nick Ahmed 0-0: Ground out 5-3 (Groundball, 56)
Jonathan Villar to second
Batting: SHB Ian Happ 0-0: Ball
1-0: Ground out 4-3 (Groundball, 4M)
Bottom of the 7th over - 0 runs, 1 hit, 0 errors, 1 left on base; Colorado 2 - New York 1
TOP OF THE 8TH
Colorado Rockies batting - Pitching for New York Mets : LHP Mike Montgomery
Pitching: RHP Zach McAllister
Now at 2B: Jonathan Villar
Batting: RHB Jacob Stallings 0-0: Ball
1-0: Fly out, F6 (Line Drive, 6)
Pinch Hitting: RHB Anthony Alford 0-0: Ball
1-0: Called Strike
1-1: DOUBLE (Line Drive, 8RXD)
Batting: RHB Brett Lawrie 0-0: Called Strike
0-1: DOUBLE (Flyball, 8LXD)
Anthony Alford scores
Batting: LHB Nick Markakis 0-0: Foul Ball, location: 2F
0-1: Ball
1-1: Ball
2-1: SINGLE (Line Drive, 89M)
Brett Lawrie to third
Runner from 3rd tries for Home, SAFE, throw made home
Pitching: RHP Drew Steckenrider
Batting: RHB Mike Trout 0-0: Ball
Passed Ball!
Nick Markakis to second
1-0: Intentional Walk
Batting: LHB Tommy La Stella 0-0: Ball
1-0: Grounds into double play, 3-6-1 (Groundball, 3)
Top of the 8th over - 2 runs, 3 hits, 0 errors, 1 left on base; Colorado 4 - New York 1
BOTTOM OF THE 8TH
New York Mets batting - Pitching for Colorado Rockies : RHP Kazuhisa Makita
Pitching: RHP Joaquin Benoit
Batting: RHB Starlin Castro 0-0: Bunt missed!
0-1: Fly out, F7 (Flyball, 7)
Batting: LHB Travis Shaw 0-0: Foul Ball, location: 2F
0-1: Ball
1-1: Ground out 4-3 (Groundball, 4)
Batting: LHB Eddie Rosario 0-0: Ball
1-0: Ball
2-0: Called Strike
2-1: Ground out 5-3 (Groundball, 56)
Bottom of the 8th over - 0 runs, 0 hits, 0 errors, 0 left on base; Colorado 4 - New York 1
TOP OF THE 9TH
Colorado Rockies batting - Pitching for New York Mets : RHP Drew Steckenrider
Pitching: RHP James Hoyt
Batting: RHB Jordy Mercer 0-0: Called Strike
0-1: Swinging Strike
0-2: Foul Ball, location: 2F
0-2: Ball
1-2: Ball
2-2: Foul Ball, location: 2F
2-2: Foul Ball, location: 2F
2-2: Foul Ball, location: 2F
2-2: Strikes out swinging
Batting: LHB Jake Bauers 0-0: Ball
1-0: Ball
2-0: Called Strike
2-1: Swinging Strike
2-2: Strikes out swinging
Batting: RHB Bryce Brentz 0-0: Ball
1-0: Ball
2-0: Foul Ball, location: 2F
2-1: Foul Ball, location: 2F
2-2: Ball
3-2: SINGLE (Groundball, 56D)
Pitching: RHP Corey Knebel
Batting: RHB Jacob Stallings 0-0: Ball
1-0: Called Strike
1-1: Ball
2-1: Called Strike
2-2: Strikes out swinging
Top of the 9th over - 0 runs, 1 hit, 0 errors, 1 left on base; Colorado 4 - New York 1
BOTTOM OF THE 9TH
New York Mets batting - Pitching for Colorado Rockies : RHP Joaquin Benoit
Pitching: RHP Tommy Hunter
Now at C: Sandy Leon
Batting: LHB Gerardo Parra 0-0: Ball
1-0: Swinging Strike
1-1: Swinging Strike
1-2: Strikes out swinging
Batting: LHB Mitch Moreland 0-0: Ball
1-0: Foul Ball, location: 2F
1-1: SINGLE (Groundball, 34D)
Batting: RHB Salvador Perez 0-0: Ball
1-0: Ball
Wild Pitch!
Mitch Moreland to second
2-0: Called Strike
2-1: Foul Ball, location: 2F
2-2: Ball
3-2: Foul Ball, location: 2F
3-2: Ground out 5-3 (Groundball, 56S)
Batting: SHB Jonathan Villar 0-0: Foul Ball, location: 2F
0-1: Ball
1-1: Ball
2-1: DOUBLE (Flyball, 8RXD)
Mitch Moreland scores
Pinch Hitting: RHB Christian Vazquez 0-0: Called Strike
0-1: Ball
1-1: Called Strike
1-2: Strikes out swinging
Bottom of the 9th over - 1 run, 2 hits, 0 errors, 1 left on base; Colorado 4 - New York 2
Thursday, June 28th, 2018 - OOTP Baseball 19.6 Build 53